[Event "Titled Tuesday Blitz January 10 Early 2023"]
[White "Vokhidov, Shamsiddin"]
[Black "Harsh Suresh"]
[WhiteFideId "14204223"]
[BlackFideId "45018464"]
[WhiteElo "2586"]
[BlackElo "2298"]
[Result "1/2-1/2"]
[Round "10"]
[TimeControl "180+2"]
[Date "2023.01.10"]
[WhiteClock "0:00:12"]
[BlackClock "0:00:13"]

1. e4 c5 2. Nf3 g6 3. Bc4 Bg7 4. O-O Nc6 5. c3 e6 6. d4 cxd4 7. Nxd4 Nxd4 8. cxd4 Ne7 9. Nc3 d5 10. exd5 exd5 11. Bb3 O-O 12. Bg5 Be6 13. Re1 Re8 14. Ba4 Rf8 15. Bb3 Re8 16. Qd2 Qd7 17. Bxe7 Rxe7 18. Nxd5 Bxd5 19. Rxe7 Qxe7 20. Bxd5 Rd8 21. Re1 Qd7 22. Bb3 Qxd4 23. Qxd4 Bxd4 24. Re7 Bxb2 25. Rxb7 a5 26. Bxf7+ Kf8 27. Bb3 h6 28. g3 Rd2 29. Kg2 Bd4 30. Rf7+ Ke8 31. Rf3 g5 32. Rf5 Ke7 33. h3 a4 34. Bg8 a3 35. Bc4 Rc2 36. Bb3 Rb2 37. Bg8 Rd2 38. g4 Rc2 39. Kg3 Rc3+ 40. Kg2 Rc2 41. Rf3 Bc5 42. Rf7+ Ke8 43. Rf6 Ke7 44. Rf5 Bd4 1/2-1/2


[Site "https://www.chess.com"]

[Event "Titled Tuesday Blitz January 10 Early 2023"]
[White "Samadov, Read"]
[Black "Oparin, Grigoriy"]
[WhiteFideId "13417444"]
[BlackFideId "24125890"]
[WhiteElo "2469"]
[BlackElo "2667"]
[Result "1-0"]
[Round "10"]
[TimeControl "180+2"]
[Date "2023.01.10"]
[WhiteClock "0:00:54"]
[BlackClock "0:00:52"]

1. d4 d5 2. c4 e6 3. Nf3 Nf6 4. g3 Be7 5. Bg2 O-O 6. O-O dxc4 7. Qc2 a6 8. a4 Bd7 9. Rd1 Bc6 10. Bg5 b5 11. Bxf6 Bxf6 12. Nc3 Qe8 13. e4 g6 14. d5 exd5 15. exd5 Bb7 16. Re1 Qd8 17. Rad1 Nd7 18. axb5 axb5 19. Nxb5 Nb6 20. d6 c6 21. Nc3 Nd5 22. Ne4 Bg7 23. Qxc4 Qb6 24. Nc5 Rfd8 25. d7 Bf8 26. Nxb7 Qxb7 27. Ne5 Ra6 28. Bxd5 cxd5 29. Rxd5 Re6 30. Rdd1 Qb4 31. Qxb4 Bxb4 32. Nc6 Rxd7 33. Nxb4 Rxe1+ 34. Rxe1 Rd2 35. Rb1 h5 36. Nc6 Rd6 37. Ne5 Kg7 38. b4 Kf6 39. Nf3 1-0


[Site "https://www.chess.com"]

[Event "Titled Tuesday Blitz January 10 Early 2023"]
[White "Pakleza, Zbigniew"]
[Black "Jones, Gawain C B"]
[WhiteFideId "1119290"]
[BlackFideId "409561"]
[WhiteElo "2494"]
[BlackElo "2618"]
[Result "0-1"]
[Round "10"]
[TimeControl "180+2"]
[Date "2023.01.10"]
[WhiteClock "0:00:03"]
[BlackClock "0:01:13"]

1. d4 Nf6 2. Nf3 g6 3. Bf4 Bg7 4. e3 O-O 5. Be2 d6 6. h3 b6 7. O-O Bb7 8. c3 Nbd7 9. a4 a5 10. Nbd2 e5 11. dxe5 dxe5 12. Nxe5 Nd5 13. Nxd7 Nxf4 14. exf4 Qxd7 15. Bf3 Bxf3 16. Nxf3 Qf5 17. Nd4 Qxf4 18. Qf3 Qxf3 19. Nxf3 Rfe8 20. Rfe1 Kf8 21. Rad1 Rxe1+ 22. Nxe1 Ke7 23. Kf1 Rb8 24. Nc2 b5 25. Nd4 Bxd4 26. Rxd4 bxa4 27. Rxa4 Rxb2 28. Rxa5 Rc2 29. Re5+ Kd6 30. Re3 c5 31. g4 f5 32. g5 f4 33. Re4 f3 34. Ke1 Rxc3 35. Rh4 Rd3 36. Rxh7 c4 37. Rg7 c3 38. Rxg6+ Kd5 39. Rg8 c2 40. Rd8+ Ke4 0-1


[Site "https://www.chess.com"]

[Event "Titled Tuesday Blitz January 10 Early 2023"]
[White "Sanal, Vahap"]
[Black "Zemlyanskii, Ivan"]
[WhiteFideId "6300545"]
[BlackFideId "24249971"]
[WhiteElo "2600"]
[BlackElo "2300"]
[Result "0-1"]
[Round "10"]
[TimeControl "180+2"]
[Date "2023.01.10"]
[WhiteClock "0:01:13"]
[BlackClock "0:00:24"]

1. Nf3 d5 2. c4 e6 3. g3 Nf6 4. Bg2 d4 5. O-O c5 6. d3 Nc6 7. e3 h6 8. exd4 cxd4 9. Re1 Bd6 10. Na3 O-O 11. Nc2 Re8 12. Rb1 a5 13. a3 e5 14. b4 axb4 15. axb4 Bf5 16. b5 Na5 17. Bd2 Bxd3 18. Bxa5 Bxc2 19. Bxd8 Bxd1 20. Bxf6 Bxf3 21. Bxf3 gxf6 22. Bxb7 Ra2 23. Be4 Bc5 24. Ra1 Rb2 25. Reb1 Rd2 26. Rd1 Re2 27. Re1 Rd2 28. Rad1 Rb2 29. Kf1 d3 30. Kg2 Rxf2+ 31. Kh3 d2 32. Rf1 Rxf1 33. Rxf1 Rd8 34. Rd1 Rd4 35. Bd5 e4 36. Kg2 f5 37. Kf1 f4 38. gxf4 e3 39. Ke2 Rxf4 40. Rb1 Rf2+ 41. Kd3 e2 42. Kxd2 Rf1 43. Re1 Bb4+ 44. Kxe2 Rxe1+ 45. Kf2 Rb1 46. Kf3 Bc5 47. h4 Kf8 48. Ke4 Ke7 49. Bc6 Rd1 50. Bd5 f6 51. h5 Rg1 52. Bc6 Rg5 53. Kd3 Rxh5 54. Bg2 Kd6 55. Ke4 Rg5 56. Bf3 h5 57. Be2 h4 58. Bf1 Rg1 59. Bh3 Rg3 60. Bc8 h3 61. Kf4 h2 62. Bb7 Rg1 63. Kf5 h1=Q 64. Bxh1 Rxh1 65. Kxf6 Rc1 66. Kf7 Rxc4 67. Ke8 Rb4 68. Kd8 Rxb5 69. Kc8 Rb6 70. Kd8 Rb8# 0-1


[Site "https://www.chess.com"]

[Event "Titled Tuesday Blitz January 10 Early 2023"]
[White "Movahed, Sina"]
[Black "Rakhmanov, Aleksandr"]
[WhiteFideId "42520835"]
[BlackFideId "4173708"]
[WhiteElo "2340"]
[BlackElo "2632"]
[Result "0-1"]
[Round "10"]
[TimeControl "180+2"]
[Date "2023.01.10"]
[WhiteClock "0:00:20"]
[BlackClock "0:00:37"]

1. e4 c5 2. Nf3 Nf6 3. e5 Nd5 4. Nc3 Nxc3 5. dxc3 Nc6 6. Bf4 Qb6 7. b3 Qc7 8. Qd2 e6 9. h4 h6 10. h5 b6 11. O-O-O a6 12. Bd3 b5 13. Be4 c4 14. Kb1 Bb7 15. Rh4 Ne7 16. Bxb7 Qxb7 17. Rg4 Nd5 18. Be3 Rc8 19. Bd4 a5 20. Ka1 b4 21. Qe2 bxc3 22. Rb1 Ba3 23. Rxg7 a4 24. Qe4 Nb4 25. Qe2 cxb3 26. axb3 Bb2+ 27. Rxb2 cxb2+ 28. Kb1 Rxc2 29. Qe3 a3 0-1


[Site "https://www.chess.com"]

[Event "Titled Tuesday Blitz January 10 Early 2023"]
[White "Durarbayli, Vasif"]
[Black "Taboas Rodriguez, Daniel"]
[WhiteFideId "13402935"]
[BlackFideId "2208466"]
[WhiteElo "2627"]
[BlackElo "2371"]
[Result "1/2-1/2"]
[Round "10"]
[TimeControl "180+2"]
[Date "2023.01.10"]
[WhiteClock "0:00:04"]
[BlackClock "0:00:20"]

1. e4 e5 2. Nf3 Nc6 3. d4 exd4 4. Nxd4 Nf6 5. Nxc6 bxc6 6. e5 Qe7 7. Qe2 Nd5 8. h4 d6 9. exd6 Qxe2+ 10. Bxe2 cxd6 11. c4 Nb4 12. Na3 Be7 13. Bd2 d5 14. cxd5 cxd5 15. Bb5+ Bd7 16. Ke2 a5 17. Rhd1 Bf6 18. Bc3 Bxh4 19. Bxb4 axb4 20. Rxd5 Bxb5+ 21. Nxb5 O-O 22. Rd4 Be7 23. Re4 Bc5 24. Rc1 Rfe8 25. Rxe8+ Rxe8+ 26. Kf3 Bf8 27. b3 Ra8 28. Rc2 g6 29. Ke4 Kg7 30. Kd5 h5 31. Re2 Kf6 32. Kc6 g5 33. Nc7 Ra5 34. Nd5+ Kg6 35. f3 h4 36. Ne3 Re5 37. Re1 Bc5 38. Nc2 Rxe1 39. Nxe1 Be7 40. Nd3 f5 41. Kd5 g4 42. fxg4 fxg4 43. Ke4 h3 44. gxh3 gxh3 45. Kf3 Kf5 46. Kg3 Ke4 47. Nxb4 Bxb4 48. Kxh3 Kd4 49. Kg4 Kc3 50. Kf5 Kb2 51. a4 Kxb3 52. a5 Bxa5 1/2-1/2


[Site "https://www.chess.com"]

[Event "Titled Tuesday Blitz January 10 Early 2023"]
[White "Ibadov, Dashgyn"]
[Black "Baskakov, Egor"]
[WhiteFideId "24107514"]
[BlackFideId "24197866"]
[WhiteElo "2391"]
[BlackElo "2215"]
[Result "0-1"]
[Round "10"]
[TimeControl "180+2"]
[Date "2023.01.10"]
[WhiteClock "0:00:01"]
[BlackClock "0:00:57"]

1. d4 Nf6 2. c4 e6 3. Nf3 d5 4. Nc3 Ne4 5. Bf4 c6 6. e3 f5 7. Qc2 Be7 8. g4 O-O 9. gxf5 exf5 10. O-O-O Be6 11. Ne5 Nd7 12. f3 Nxc3 13. Qxc3 Nxe5 14. Bxe5 Bd6 15. f4 Rc8 16. Bxd6 Qxd6 17. c5 Qe7 18. Rg1 b6 19. Rg3 Kh8 20. Ba6 Rc7 21. Rdg1 g6 22. Be2 Bf7 23. Rh1 Qh4 24. Bf3 Re8 25. Kb1 b5 26. Bg2 Rce7 27. a3 Kg7 28. Ka2 a5 29. Qxa5 Rxe3 30. Qc7 Qf6 31. Rxe3 Rxe3 32. h4 Qxd4 33. h5 Re2 34. h6+ Kg8 35. Qc8+ Be8 36. Rb1 Qxc5 37. Bf1 Re7 38. Bd3 Qd6 39. Ka1 b4 40. a4 b3 0-1


[Site "https://www.chess.com"]

[Event "Titled Tuesday Blitz January 10 Early 2023"]
[White "Mihajlov, Sebastian"]
[Black "Jobava, Baadur"]
[WhiteFideId "1512110"]
[BlackFideId "13601520"]
[WhiteElo "2373"]
[BlackElo "2578"]
[Result "0-1"]
[Round "10"]
[TimeControl "180+2"]
[Date "2023.01.10"]
[WhiteClock "0:00:02"]
[BlackClock "0:01:21"]

1. e4 c6 2. d4 d5 3. exd5 cxd5 4. Bd3 Nf6 5. c3 Nc6 6. Bf4 Bg4 7. Qb3 Qb6 8. Nd2 e6 9. Ngf3 Be7 10. O-O O-O 11. Qxb6 axb6 12. a4 Rfc8 13. h3 Bh5 14. Rfc1 Bg6 15. Bb5 Nd7 16. g4 h6 17. Kg2 Kf8 18. h4 h5 19. g5 Bf5 20. Ng1 Kg8 21. Ne2 Nf8 22. Ng3 Ng6 23. Nxf5 Nxf4+ 24. Kf3 Ng6 25. Nxe7+ Ncxe7 26. Ke3 Nxh4 27. Rh1 Nef5+ 28. Ke2 Ng6 29. Nf3 Nf4+ 30. Kd2 g6 31. Ne5 Kg7 32. Nd7 Rh8 33. Nxb6 Rad8 34. a5 h4 35. Na4 Rh5 36. Rag1 Nd6 37. Bd3 Nxd3 38. Kxd3 h3 39. Nc5 h2 40. Rg4 Ra8 41. b4 Rh3+ 42. Rg3 Rah8 43. Ke2 Rxg3 44. fxg3 Rh3 45. Kf2 Nf5 46. Nxb7 Rxg3 47. Rxh2 Rxc3 48. a6 Rc2+ 49. Kg1 Rc1+ 50. Kf2 Nxd4 51. Rh3 Rc2+ 52. Ke1 Nb5 53. Nc5 e5 54. Kd1 Ra2 55. Rd3 e4 56. Rb3 f5 57. gxf6+ Kxf6 58. Kc1 Ke5 59. Rg3 Kd4 60. Rxg6 e3 61. Re6 e2 62. Re7 Nc3 63. Nb3+ Kd3 64. a7 Rc2# 0-1


[Site "https://www.chess.com"]

[Event "Titled Tuesday Blitz January 10 Early 2023"]
[White "Goltsev, Dmitry"]
[Black "Deac, Bogdan-Daniel"]
[WhiteFideId "24176710"]
[BlackFideId "1226380"]
[WhiteElo "2269"]
[BlackElo "2700"]
[Result "0-1"]
[Round "10"]
[TimeControl "180+2"]
[Date "2023.01.10"]
[WhiteClock "0:00:05"]
[BlackClock "0:00:40"]

1. e4 c5 2. Nf3 d6 3. d4 cxd4 4. Nxd4 Nf6 5. Nc3 e5 6. Nb3 Be7 7. Be3 O-O 8. Be2 Be6 9. O-O Nbd7 10. f4 Nb6 11. fxe5 dxe5 12. Bc5 Nfd7 13. Bxe7 Qxe7 14. Bd3 Rac8 15. Qe2 Nc5 16. Qe3 Nxd3 17. cxd3 Qb4 18. Rf2 Rfd8 19. Nc1 f6 20. a3 Qd6 21. Nb5 Qc5 22. Qxc5 Rxc5 23. Nc3 Rc6 24. Rf3 Nd7 25. N1e2 Nc5 26. Rd1 Rcd6 27. d4 Bg4 28. Rf2 exd4 29. Nb5 d3 30. Nxd6 dxe2 31. Re1 Rxd6 32. Rf4 Rd1 33. Rxg4 Nd3 0-1


[Site "https://www.chess.com"]

[Event "Titled Tuesday Blitz January 10 Early 2023"]
[White "Gholami Orimi, Mahdi"]
[Black "Zahid, Sanatan"]
[WhiteFideId "12558486"]
[BlackFideId "10201963"]
[WhiteElo "2420"]
[BlackElo "1930"]
[Result "0-1"]
[Round "10"]
[TimeControl "180+2"]
[Date "2023.01.10"]
[WhiteClock "0:00:01"]
[BlackClock "0:00:11"]

1. d4 e6 2. c4 b6 3. Nc3 Bb7 4. e4 Bb4 5. Qc2 Qh4 6. Bd3 f5 7. Nf3 Qh5 8. exf5 Nf6 9. fxe6 O-O 10. Be3 dxe6 11. O-O-O Nbd7 12. Ng5 Bxc3 13. bxc3 Rae8 14. h3 h6 15. Nh7 Nxh7 16. Bxh7+ Kf7 17. g4 Qa5 18. Bg6+ Ke7 19. Bxe8 Kxe8 20. Rhe1 Bf3 21. Rd2 Kd8 22. d5 e5 23. Qb3 Rf6 24. Qb4 Qa6 25. Kb2 Qc8 26. g5 a5 27. Qa3 Rg6 28. h4 Qa6 29. Qb3 h5 30. Qb5 Qb7 31. Ka1 Rd6 32. Qb1 g6 33. Qd3 Bg4 34. f4 Bf5 35. Qe2 e4 36. Bd4 Nc5 37. Bxc5 bxc5 38. Rb2 Rb6 39. Reb1 Kc8 40. Qe3 Rxb2 41. Rxb2 Qa7 42. Rb5 Bd7 43. Rb2 Bf5 44. Kb1 Kd7 45. Kc1 Kd6 46. Kd2 Qa6 47. Rb5 Qa7 48. Qg3 a4 49. Qg1 a3 50. Rb3 Qa4 51. Qf1 Qa5 52. Ke3 Qa4 53. Rb8 Qc2 54. Rb3 Bg4 55. f5 gxf5 56. g6 Ke7 57. d6+ cxd6 58. Rb7+ Kf6 59. g7 Qxc3+ 60. Kf4 Qe5+ 61. Ke3 Qd4+ 62. Kf4 e3+ 63. Kg3 Qe5+ 64. Qf4 e2 65. Qxe5+ dxe5 66. Kf2 e4 67. g8=Q Ke5 68. Ke1 Kf4 69. Qg5+ Kf3 70. Rb3+ e3 71. Qxe3+ Kg2 72. Qg3+ Kh1 73. Qf2 f4 0-1


[Site "https://www.chess.com"]

[Event "Titled Tuesday Blitz January 10 Early 2023"]
[White "Kamsky, Gata"]
[Black "Seo, Jung Min"]
[WhiteFideId "2000024"]
[BlackFideId "1734687"]
[WhiteElo "2665"]
[BlackElo "2494"]
[Result "1-0"]
[Round "10"]
[TimeControl "180+2"]
[Date "2023.01.10"]
[WhiteClock "0:01:39"]
[BlackClock "0:01:46"]

1. d4 Nf6 2. Nf3 b6 3. Bg5 Bb7 4. Nbd2 e6 5. e3 Be7 6. a4 Ne4 7. Bxe7 Qxe7 8. Bd3 Nxd2 9. Qxd2 d6 10. e4 a5 11. O-O O-O 12. c3 Nd7 13. Rae1 Rfd8 14. Ng5 h6 15. Nh3 Ba6 16. Bxa6 Rxa6 17. f4 Raa8 18. f5 c5 19. Nf4 cxd4 20. fxe6 fxe6 21. cxd4 Nf6 22. Qd3 e5 23. Qb3+ Qf7 24. Nd5 exd4 25. Nxf6+ gxf6 26. Qxb6 d3 27. Re3 d2 28. Qd4 Rf8 29. Qxd2 Kh7 30. Rh3 Qg6 31. Qxd6 Qxe4 32. Qd7+ Kg8 33. Rg3+ 1-0


[Site "https://www.chess.com"]

[Event "Titled Tuesday Blitz January 10 Early 2023"]
[White "Orozbaev, Eldiar"]
[Black "Zhigalko, Sergei"]
[WhiteFideId "13802240"]
[BlackFideId "13502956"]
[WhiteElo "2235"]
[BlackElo "2572"]
[Result "1-0"]
[Round "10"]
[TimeControl "180+2"]
[Date "2023.01.10"]
[WhiteClock "0:00:06"]
[BlackClock "0:00:02"]

1. e4 c5 2. c3 Nf6 3. e5 Nd5 4. d4 cxd4 5. Nf3 Nc6 6. cxd4 d6 7. Bc4 Nb6 8. Bb5 d5 9. Nc3 Bf5 10. O-O e6 11. Bg5 Be7 12. Bxe7 Qxe7 13. Rc1 O-O 14. Ne2 Na5 15. Ng3 Bg6 16. h4 Qb4 17. h5 Qxb5 18. hxg6 fxg6 19. Ng5 Qd7 20. Qg4 Rae8 21. b3 Nc6 22. Ne2 Rf5 23. f4 Qe7 24. Qh3 h6 25. g4 Rff8 26. Nf3 Qb4 27. Qg3 Rf7 28. Qf2 Ref8 29. Qe3 Qe7 30. Kg2 a5 31. Ne1 g5 32. Nd3 gxf4 33. Ndxf4 Qg5 34. Qg3 Nd8 35. Rf2 Nd7 36. Rcf1 b5 37. Ng1 a4 38. Ngh3 Qe7 39. Ng6 Qe8 40. Nxf8 Rxf2+ 41. Rxf2 Nxf8 42. g5 h5 43. Nf4 g6 44. Qf3 Nh7 45. Qd3 Kg7 46. Nh3 Nf7 47. Qe3 Qe7 48. Rf6 axb3 49. axb3 Qe8 50. Rf3 Qe7 51. Rf6 Qe8 52. Nf4 Nxf6 53. gxf6+ Kh7 54. Qd3 1-0


[Site "https://www.chess.com"]

[Event "Titled Tuesday Blitz January 10 Early 2023"]
[White "Domingo Nunez, Ruben"]
[Black "Urazayev, Arystanbek"]
[WhiteFideId "22245570"]
[BlackFideId "13709810"]
[WhiteElo "2416"]
[BlackElo "2460"]
[Result "0-1"]
[Round "10"]
[TimeControl "180+2"]
[Date "2023.01.10"]
[WhiteClock "0:01:04"]
[BlackClock "0:01:36"]

1. e4 e6 2. Nf3 d5 3. Nc3 Nf6 4. e5 Nfd7 5. d4 c5 6. dxc5 Bxc5 7. Bd3 Nc6 8. Bf4 h6 9. h4 a6 10. a3 Qc7 11. Qe2 Nd4 12. Nxd4 Bxd4 13. Kf1 Bxe5 14. Nxd5 exd5 15. Bxe5 Qxe5 16. Qxe5+ Nxe5 17. Re1 f6 18. f4 O-O 19. fxe5 fxe5+ 20. Kg1 e4 21. Bf1 b5 22. Rd1 Bb7 23. a4 bxa4 24. Rh3 Rad8 25. Ra3 Bc6 26. Bxa6 d4 27. b3 e3 28. Bf1 Rf2 29. Re1 Rxc2 30. bxa4 Be4 31. Raa1 Rd6 32. a5 Bxg2 33. a6 Rg6 34. Be2 Be4+ 35. Kf1 d3 36. a7 Bg2+ 37. Kg1 Ba8+ 0-1


[Site "https://www.chess.com"]

[Event "Titled Tuesday Blitz January 10 Early 2023"]
[White "Skvortsov, Andrei"]
[Black "Stribuk, Artiom"]
[WhiteFideId "24108600"]
[BlackFideId "13515659"]
[WhiteElo "2313"]
[BlackElo "2378"]
[Result "1/2-1/2"]
[Round "10"]
[TimeControl "180+2"]
[Date "2023.01.10"]
[WhiteClock "0:00:10"]
[BlackClock "0:00:07"]

1. e4 c5 2. d4 cxd4 3. Qxd4 Nc6 4. Qd3 Nf6 5. Nc3 g6 6. Nf3 Bg7 7. Be2 O-O 8. O-O d6 9. Nd5 Bg4 10. c3 e6 11. Nxf6+ Bxf6 12. Bf4 Bxf3 13. Qxf3 Be5 14. Bh6 Bg7 15. Bf4 Qe7 16. Rfd1 Rfd8 17. Qg3 Be5 18. Bxe5 Nxe5 19. f4 Nd7 20. f5 Ne5 21. Qe3 Kg7 22. Rf1 f6 23. fxe6 Qxe6 24. Rad1 b6 25. Rd5 Rac8 26. b3 Rc5 27. Rd4 Qe7 28. Rfd1 Nc6 29. R4d2 Re5 30. Qf2 Nb8 31. Bf3 Na6 32. Rd5 Nc5 33. Qd4 Ne6 34. Qd2 Rxd5 35. exd5 Ng5 36. Re1 Qd7 37. h4 Nxf3+ 38. gxf3 Re8 39. Rxe8 Qxe8 40. c4 Qe5 41. Kg2 h5 42. a4 g5 43. hxg5 fxg5 44. a5 h4 45. Qf2 bxa5 46. Qxa7+ Kh6 47. Qf2 Qc3 48. Qe2 Qf6 49. Kh3 Kg7 50. Kg4 Kh6 51. Qe3 Kg6 52. Kh3 Qf5+ 53. Kg2 Kf6 54. Qc3+ Qe5 55. Qd2 Kf5 56. Qxa5 Qb2+ 57. Kf1 Qc1+ 58. Qe1 Qc2 59. Qe4+ Qxe4 60. fxe4+ Kxe4 61. b4 Kd4 62. b5 Kc5 63. Kg2 g4 64. Kh2 Kb6 65. Kg2 Ka5 66. Kh2 g3+ 67. Kh3 Kb6 68. Kg2 Kc5 69. Kh3 Kb6 70. Kg2 Kc5 71. Kh3 Kb6 1/2-1/2


[Site "https://www.chess.com"]

[Event "Titled Tuesday Blitz January 10 Early 2023"]
[White "Klukin, Kirill"]
[Black "Mikhailovsky, Vladimir"]
[WhiteFideId "24199273"]
[BlackFideId "34105414"]
[WhiteElo "2390"]
[BlackElo "2215"]
[Result "1-0"]
[Round "10"]
[TimeControl "180+2"]
[Date "2023.01.10"]
[WhiteClock "0:00:20"]
[BlackClock "0:00:04"]

1. c4 Nf6 2. Nc3 e5 3. g3 h5 4. h4 Nc6 5. Bg2 Bc5 6. d3 d6 7. Bg5 Nd4 8. Nd5 c6 9. Nxf6+ gxf6 10. Bd2 Bg4 11. Qc1 Qb6 12. e3 Ne6 13. Rb1 Bb4 14. Bxb4 Qxb4+ 15. Qd2 Nc5 16. Bf1 Qa4 17. b4 Ne6 18. Bg2 Bf5 19. Ne2 Ke7 20. Nc3 Qa6 21. O-O Qb6 22. b5 Qc7 23. bxc6 bxc6 24. d4 Bxb1 25. Rxb1 Rab8 26. Rd1 Rhd8 27. d5 Nc5 28. dxc6 Kf8 29. Qe2 Qa5 30. Nd5 Rbc8 31. Qxh5 Kg7 32. Qg4+ Kf8 33. Nxf6 Qa4 34. Qg8+ Ke7 35. Nd5+ Ke6 36. Qg4+ f5 37. Qg6# 1-0


[Site "https://www.chess.com"]

[Event "Titled Tuesday Blitz January 10 Early 2023"]
[White "Harsha Bharathakoti"]
[Black "Sadubayev, Airat"]
[WhiteFideId "5078776"]
[BlackFideId "13713264"]
[WhiteElo "2602"]
[BlackElo "2320"]
[Result "1/2-1/2"]
[Round "10"]
[TimeControl "180+2"]
[Date "2023.01.10"]
[WhiteClock "0:00:05"]
[BlackClock "0:00:11"]

1. e4 c6 2. Nc3 d5 3. Nf3 dxe4 4. Nxe4 Nf6 5. Qe2 Nxe4 6. Qxe4 Qd5 7. Qh4 Qe6+ 8. Be2 Qg4 9. Qg3 Qxg3 10. hxg3 g6 11. d4 Bg7 12. c3 Bg4 13. Bc4 Bxf3 14. gxf3 Nd7 15. Bd2 e6 16. Ke2 h5 17. f4 Nf6 18. Bd3 O-O-O 19. Rad1 Rd7 20. f3 Rhd8 21. Be3 Kb8 22. Bc2 a6 23. a4 b5 24. Bc1 Kb7 25. Rhg1 Rh8 26. Kf2 Nd5 27. g4 hxg4 28. fxg4 b4 29. Bd2 Nb6 30. Bb3 Rhd8 31. f5 Nd5 32. fxg6 fxg6 33. Rge1 Rd6 34. Kg3 Bf6 35. g5 Bg7 36. Bc2 Ne7 37. Bf4 R6d7 38. Rxe6 c5 39. dxc5 Nf5+ 40. Bxf5 Rxd1 41. Re7+ Kc6 42. Be4+ Kxc5 43. Rxg7 bxc3 44. bxc3 Re8 45. Rc7+ Kb6 46. Rb7+ Kc5 47. Bxg6 Ree1 48. Rc7+ Kb6 49. a5+ Kxa5 50. Bf5 Rg1+ 51. Kf3 Kb6 52. Rf7 Rdf1+ 53. Ke4 Re1+ 54. Be3+ Kb5 55. Rb7+ Kc6 56. Re7 Rxg5 57. Kf4 Rg8 58. Re6+ Kb5 59. Bd3+ Ka4 60. Rxa6+ Kb3 61. Bf5 Rf8 62. Rb6+ Kxc3 63. Rc6+ Kb3 64. Rc5 Rf1+ 65. Ke4 R1xf5 66. Rxf5 Rxf5 67. Kxf5 1/2-1/2


[Site "https://www.chess.com"]

[Event "Titled Tuesday Blitz January 10 Early 2023"]
[White "Koellner, Ruben Gideon"]
[Black "Kukhmazov, Arsen"]
[WhiteFideId "12993093"]
[BlackFideId "24108260"]
[WhiteElo "2426"]
[BlackElo "2512"]
[Result "1/2-1/2"]
[Round "10"]
[TimeControl "180+2"]
[Date "2023.01.10"]
[WhiteClock "0:00:49"]
[BlackClock "0:00:27"]

1. d4 d5 2. Nf3 Nf6 3. e3 c5 4. Nbd2 Nbd7 5. c3 g6 6. Bd3 Bg7 7. O-O O-O 8. e4 cxd4 9. Nxd4 Nc5 10. Bc2 Nfxe4 11. Nxe4 Nxe4 12. Bxe4 dxe4 13. Re1 f5 14. Qb3+ Kh8 15. Ne6 Bxe6 16. Qxe6 Qd6 17. Qb3 Qb6 18. Qxb6 axb6 19. Be3 b5 20. a3 Rfd8 21. Red1 Kg8 22. Kf1 Kf7 23. Ke2 Ke6 24. Bb6 Rd6 25. Bc5 Rxd1 26. Rxd1 Rc8 27. Bd4 Bxd4 28. Rxd4 h5 29. h4 Rc7 30. g3 Rd7 31. Rb4 Rd5 32. a4 bxa4 33. Rxb7 Ra5 34. Rb6+ Kf7 35. Ke3 a3 36. bxa3 Rxa3 37. Rc6 e6 38. Rc8 Kf6 39. Kf4 Ra2 40. Ke3 Rc2 41. Rc5 g5 42. hxg5+ Kxg5 43. Rc8 e5 44. Rg8+ Kf6 45. Rc8 Ke6 46. Re8+ Kd5 47. Rd8+ Kc4 48. Rc8+ Kb3 49. Rb8+ Kxc3 50. Rf8 Rc1 51. Ke2 Rc2+ 52. Ke3 Rc1 53. Ke2 Kd4 54. Rd8+ Kc3 55. Rf8 1/2-1/2


[Site "https://www.chess.com"]

[Event "Titled Tuesday Blitz January 10 Early 2023"]
[White "Putnam, Liam"]
[Black "Barrientos, Sergio E"]
[WhiteFideId "30938279"]
[BlackFideId "4401824"]
[WhiteElo "2285"]
[BlackElo "2479"]
[Result "1-0"]
[Round "10"]
[TimeControl "180+2"]
[Date "2023.01.10"]
[WhiteClock "0:00:18"]
[BlackClock "0:00:21"]

1. d4 Nf6 2. c4 e6 3. g3 Bb4+ 4. Bd2 Qe7 5. Bg2 Nc6 6. Nf3 Ne4 7. O-O Nxd2 8. Nbxd2 e5 9. d5 Nb8 10. Nb1 a5 11. a3 Bc5 12. Nc3 O-O 13. Ne4 b6 14. d6 cxd6 15. Nh4 Nc6 16. Nf5 Qe6 17. Nfxd6 Ba6 18. b3 Bd4 19. Rb1 f5 20. e3 fxe4 21. Nxe4 Rad8 22. exd4 Nxd4 23. Qh5 Rf5 24. Ng5 Qg6 25. Bd5+ Kh8 26. Nf7+ Qxf7 27. Bxf7 Rxh5 28. Bxh5 Bb7 29. Rfe1 d6 30. Re3 g6 31. Be2 Kg7 32. Kf1 Ra8 33. Rd1 g5 34. Rxd4 1-0


[Site "https://www.chess.com"]

[Event "Titled Tuesday Blitz January 10 Early 2023"]
[White "Bryakin, Mikhail"]
[Black "Mirzoev, Azer"]
[WhiteFideId "4165314"]
[BlackFideId "13400304"]
[WhiteElo "2455"]
[BlackElo "2416"]
[Result "0-1"]
[Round "10"]
[TimeControl "180+2"]
[Date "2023.01.10"]
[WhiteClock "0:00:02"]
[BlackClock "0:00:07"]

1. b3 Nf6 2. Bb2 d5 3. Nf3 Bg4 4. Ne5 Bh5 5. h3 Nbd7 6. g4 Nxe5 7. Bxe5 Bg6 8. d3 e6 9. Bg2 Bb4+ 10. Nd2 O-O 11. a3 Bd6 12. Bb2 Nd7 13. e3 f5 14. Qe2 Qe7 15. f4 c6 16. Nf3 a5 17. Ne5 Nxe5 18. fxe5 Bc5 19. d4 Bb6 20. Bf3 c5 21. O-O-O cxd4 22. exd4 fxg4 23. Bxg4 Rac8 24. Rd2 Rf4 25. Qb5 Rc6 26. Rf1 Qg5 27. Kd1 h5 28. Be2 Rxf1+ 29. Bxf1 Be4 30. Qe2 Qg1 31. Qf2 Qh1 32. c3 Rc8 33. Qe1 Rf8 34. Rf2 Rxf2 35. Qxf2 Bd8 36. Bc1 Bd3 37. Ke1 Bh4 38. Qxh4 Qxf1+ 39. Kd2 Qe2# 0-1


[Site "https://www.chess.com"]

[Event "Titled Tuesday Blitz January 10 Early 2023"]
[White "Ashraf, Artin"]
[Black "Avila Pavas, Santiago"]
[WhiteFideId "22514805"]
[BlackFideId "4437128"]
[WhiteElo "2314"]
[BlackElo "2522"]
[Result "0-1"]
[Round "10"]
[TimeControl "180+2"]
[Date "2023.01.10"]
[WhiteClock "0:00:03"]
[BlackClock "0:00:21"]

1. Nf3 d5 2. g3 Bg4 3. Ne5 Bf5 4. c4 f6 5. Nf3 d4 6. Qb3 Nc6 7. Qxb7 Bd7 8. Qb3 e5 9. d3 f5 10. Bg2 e4 11. Nfd2 Rb8 12. Qd1 e3 13. fxe3 dxe3 14. Nf1 Bb4+ 15. Nc3 f4 16. h4 Qf6 17. Nxe3 fxe3 18. Bxe3 Bxc3+ 19. bxc3 Qxc3+ 20. Bd2 Qd4 21. Rb1 Rxb1 22. Qxb1 Nf6 23. Bxc6 Bxc6 24. Qb8+ Kf7 25. Qxc7+ Bd7 26. Qf4 Qa1+ 27. Bc1 Qxa2 28. O-O Qxe2 29. Qd6 Bh3 30. Rf2 Qe1+ 31. Kh2 Qxf2+ 32. Kxh3 Qf1+ 33. Kh2 Ng4# 0-1


[Site "https://www.chess.com"]